 Dungeon Crawl Stone Soup version 0.29-a0-333-gb4c28e87c6 (webtiles) character file.

Game seed: 7502282450755303308

612 Jortsu the Chopper (level 7, -19/55 HPs)
             Began as a Demonspawn Fighter on Apr 13, 2022.
             Was a Believer of Makhleb.
             Demolished by Duvessa
             ... wielding a +0 rapier
              (20 damage)
             ... on level 4 of the Dungeon.
             The game lasted 00:03:56 (3606 turns).

Jortsu the Chopper (Demonspawn Fighter)             Turns: 3606, Time: 00:03:57

Health: -19/55     AC: 12    Str: 19    XL:     7   Next: 20%
Magic:  7/7        EV:  7    Int:  9    God:    Makhleb [**....]
Gold:   189        SH:  4    Dex: 12    Spells: 6/6 levels left

rFire   . . .      SeeInvis .   a - +0 war axe
rCold   + . .      Faith    .   c - +0 buckler
rNeg    . . .      Spirit   .   o - +0 chain mail
rPois   .          Reflect  .   (helmet unavailable)
rElec   .          Harm     .   i - +0 cloak
rCorr   .          Rampage  .   (no gloves)
Will    .....                   e - +1 pair of boots
Stlth   ..........              (no amulet)
HPRegen 0.18/turn               k - ring of protection from cold
MPRegen 0.10/turn               (no ring)

@: lit by a corona, glowing
A: horns 3, demonic magic 1, weakness stinger 1
a: Renounce Religion, Minor Destruction


You were on level 4 of the Dungeon.
You worshipped Makhleb.
Makhleb was pleased with you.
You visited 1 branch of the dungeon, and saw 4 of its levels.

You collected 189 gold pieces.

Inventory:

Hand Weapons
 a - a +0 war axe (weapon)
Armour
 c - a +0 buckler (worn)
 e - a +1 pair of boots (worn)
 i - a +0 cloak (worn)
 o - a +0 chain mail (worn)
Jewellery
 k - a ring of protection from cold (left hand)
Wands
 m - a wand of flame (17)
 q - a wand of iceblast (9)
Scrolls
 j - a scroll of amnesia
 r - a scroll of identify
 s - a scroll of fog {unknown}
Potions
 b - a potion of curing {unknown}
 d - a potion of might
 f - a potion of attraction
 g - a potion of cancellation {unknown}
 h - a potion of mutation {unknown}
 l - a potion of lignification {unknown}
 n - a potion of heal wounds {unknown}
 p - a potion of haste {unknown}
 t - a potion of brilliance {unknown}
 u - a potion of resistance


   Skills:
 + Level 4.6 Fighting
 + Level 5.0 Axes
 + Level 4.2 Armour
 + Level 1.1 Dodging
 + Level 3.3 Shields
 + Level 0.6 Invocations


You had 6 spell levels left.
You didn't know any spells.
Your spell library contained the following spells:

 Spells                   Type           Power      Damage    Failure   Level
 Corpse Rot               Necr/Air       0%         N/A       100%        2
 Poisonous Vapours        Pois/Air       0%         N/A       100%        2


Dungeon Overview and Level Annotations

Branches:
Dungeon (4/15)             Temple (0/1) D:4

Altars:
Makhleb

Shops:
D:1 !   D:2 :

Annotations:
D:4 Duvessa


Innate Abilities, Weirdness & Mutations

You have a pair of large horns on your head.
Spells you cast may paralyse adjacent enemies.
You have a small tail.


Message History

Your tail-slap misses Dowan.
Dowan casts a spell.
Dowan blinks!
Dowan points at you and mumbles some strange words.
You are outlined in light.
Dowan hits you with a +0 dagger.
You slash Dowan!
Dowan is heavily wounded.
Dowan hits you with a +0 dagger.
You barely miss Dowan. You headbutt Dowan!
You kill Dowan!
Makhleb accepts your kill.
You feel better.
You hear a distant scream of rage.
Your Axes skill increases to level 5!
Things that are here:
a +0 dagger; a +0 robe Duvessa, Sister of Dowan comes into view.
She is wielding a +0 rapier, wearing a +3 leather armour of cold resistance and carrying a wand of digging (4).
Duvessa shouts!
Duvessa goes berserk!
Duvessa hits you with a +0 rapier!
You closely miss Duvessa. Your headbutt misses Duvessa.
Duvessa hits you but does no damage. Duvessa hits you with a +0 rapier.
You closely miss Duvessa. Duvessa barely misses you.
You closely miss Duvessa. Duvessa barely misses you.
Duvessa hits you with a +0 rapier!
You hit Duvessa but do no damage. You headbutt Duvessa!
Duvessa is moderately wounded.
You block Duvessa's attack. Duvessa barely misses you.
You hit Duvessa.
Duvessa is moderately wounded.
Duvessa hits you with a +0 rapier!
* * * LOW HITPOINT WARNING * * *
Duvessa hits you with a +0 rapier.
* * * LOW HITPOINT WARNING * * *
You hit Duvessa but do no damage. You headbutt Duvessa!
Duvessa is heavily wounded.
Duvessa hits you with a +0 rapier!
* * * LOW HITPOINT WARNING * * *
Duvessa hits you with a +0 rapier!!
You die...

.>. ... ###### ...
#...†. ##.#### #.####
#?..#.### #.# #.⌠.#...#
#.# #.†.#.#.# #.#
##e####.# #.# #@.# #.#
#.# #.## #.# #.# #)# #.#
#.# #># #.# #.# #.# #.#
#.#
######.#####.#####.####
........................
#####...####.###########
#.......##.#


You could see Duvessa (berserk).

Vanquished Creatures
  Sigmund (D:2)
  A sky beast (D:4)
  Blork the orc (D:4)
  A scorpion (D:4)
  Dowan (D:4)
  An iguana (D:4)
  Robin (D:4)
  4 gnolls (D:2)
  3 adders
  A worm (D:3)
  A dart slug (D:1)
  4 orcs (D:3)
  2 endoplasms (D:1)
  14 goblins
  6 hobgoblins
  4 jackals (D:3)
  4 quokkas
  10 ball pythons
  3 frilled lizards
  5 kobolds
  2 rats
70 creatures vanquished.

Notes
Turn   | Place    | Note
-------+----------+-------------------------------------------
     0 | D:1      | Jortsu the Demonspawn Fighter began the quest for the Orb.
     0 | D:1      | Reached XP level 1. HP: 18/18 MP: 1/1
    90 | D:1      | Found a faded altar of an unknown god.
    99 | D:1      | Discovered your monstrous ancestry.
    99 | D:1      | Gained mutation: You have a pair of small horns on your
                  | head. [demonic ancestry]
    99 | D:1      | Reached XP level 2. HP: 12/24 MP: 2/2
   155 | D:1      | Prayed at the altar of an unknown god.
   155 | D:1      | Became a worshipper of Makhleb the Destroyer
   155 | D:1      | Reached * piety under Makhleb
   362 | D:1      | Reached skill level 2 in Axes
   441 | D:1      | Found Acotoat's Distillery.
   713 | D:2      | Gained mutation: You have a pair of horns on your head.
                  | [demonic ancestry]
   713 | D:2      | Reached XP level 3. HP: 29/29 MP: 3/3
   714 | D:2      | Found Neint's Book Shop.
   749 | D:2      | You fall into a shaft and drop 1 floor!
  1003 | D:2      | Noticed Sigmund
  1012 | D:2      | Killed Sigmund
  1013 | D:2      | Reached skill level 3 in Axes
  1013 | D:2      | Reached skill level 1 in Dodging
  1013 | D:2      | Gained mutation: Spells you cast may paralyse adjacent
                  | enemies. [demonic ancestry]
  1013 | D:2      | Reached XP level 4. HP: 4/37 MP: 4/4
  1013 | D:2      | Gained mutation: You have a pair of large horns on your
                  | head. [demonic ancestry]
  1013 | D:2      | Reached XP level 5. HP: 4/42 MP: 5/5
  1692 | D:2      | Reached skill level 4 in Axes
  2073 | D:3      | Reached ** piety under Makhleb
  2074 | D:3      | Reached XP level 6. HP: 48/48 MP: 6/6
  3053 | D:4      | Noticed Robin
  3054 | D:4      | Noticed a sky beast
  3078 | D:4      | Killed a sky beast
  3092 | D:4      | Killed Robin
  3510 | D:4      | Noticed Blork the orc
  3523 | D:4      | Killed Blork the orc
  3524 | D:4      | Gained mutation: You have a small tail. [demonic ancestry]
  3524 | D:4      | Reached XP level 7. HP: 55/55 MP: 7/7
  3587 | D:4      | Noticed Dowan
  3588 | D:4      | Found a staircase to the Ecumenical Temple.
  3595 | D:4      | Killed Dowan
  3596 | D:4      | Reached skill level 5 in Axes
  3597 | D:4      | Noticed Duvessa
  3606 | D:4      | HP: 1/55 [Duvessa/+0 rapier (7)]
  3606 | D:4      | Demolished by Duvessa

Illustrated notes

Levels and vault maps discovered:
D:1:      zelgadis_glass_arrival_small, layout_rooms,
          nicolae_ecumenical_snake_handling, serial_shops,
          nicolae_shop_temple_entry_statues_fountains
D:2:      layout_loops_ring, serial_shops, nicolae_square_shop, uniq_sigmund
D:3:      layout_basic
D:4:      layout_loops_ring, minmay_temple_entry_antechambers, uniq_duvessa,
          uniq_blork_the_orc, uniq_robin

Skill      XL: |  1  2  3  4  5  6  7 |
---------------+----------------------+-----
Axes           | 2 3 4 5 |  5.0
Shields        | 3 |  3.3
Armour         | 3 4 |  4.2
Dodging        | 1 |  1.1
Fighting       | 4 |  4.6
Invocations    | |  0.6

Action                   |  1- 3 |  4- 6 |  7- 9 || total
-------------------------+-------+-------+-------++-------
Melee: War axe           |    61 |   101 |    11 ||   173
       Headbutt          |     7 |    18 |     4 ||    29
Invok: Minor Destruction |       |     1 |       ||     1
  Use: Scroll            |     1 |     3 |       ||     4
       Potion            |     1 |       |       ||     1
Armor: Scale mail        |    34 |       |       ||    34
       Chain mail        |       |    62 |     4 ||    66
Dodge: Dodged            |    25 |    31 |     3 ||    59
Block: Buckler           |    12 |    20 |     1 ||    33

Table legend: (Time is in decaauts)
 A = Elapsed time spent in this place.
 B = Non-inter-level travel time spent in this place.
 C = Inter-level travel time spent in this place.
 D = Time resting spent in this place.
 E = Time spent auto-exploring this place.
 F = Levels seen in this place.
 G = Mean time per level.
                   A        B        C        D        E       F      G
               +--------+--------+--------+--------+--------+-----+--------+
         Total |   3667 |   3626 |     41 |    550 |   2504 |   4 |  916.8 |
       Dungeon |   3667 |   3626 |     41 |    550 |   2504 |   4 |  916.8 |
               +--------+--------+--------+--------+--------+-----+--------+

Top non-repeatable levels by time:
     D:2: 1146 daAuts
     D:3: 1139 daAuts
     D:4: 802 daAuts
     D:1: 579 daAuts
